Kradschützen Motorcycle Team
Construct Light Support Kompanie
Selects L6/40 Light Tank Combat Group
L6/40 Light Tank Combat Group
Panzerjäger Mechanized Group
Construct Panzerarmee Kommand
Pak 38 Anti-tank Gun Team
Selects Defensive Operations
Selects Towed Cannone da 105/28 Field Howitzer
Walking Stuka Rocket Launcher
Selects Territory Booby Traps
Selects Obice 305mm Barrage
Walking Stuka Rocket Launcher